cohdb
Replays
Latest Replays
All Replays
Popular Replays
Top Player Replays
Match Explorer
How It Works
Community
CoH3 Stats
Reddit
Sign in to upload your games and track your stats! →
Sign in with Steam
Match 39417217
Unlisted
Match 39417217
Overview
Messages
Build Orders
End
Kettenkrad Recon Vehicle
Construct Infanterie Kompanie
MG 42 Machine Gun Team
Selects Mechanized Battlegroup
MG 42 Machine Gun Team
Grenadier Squad
Medical Station
Construct Luftwaffe Kompanie
Jäger Squad
Support Elements
Jäger Squad
Selects Mobile Repair Stations
Selects Raid Package
Wirbelwind Flakpanzer
Luftwaffe Officer Quarters
221 Scout Car
Selects StuG Assault Group
Selects UNKNOWN (2160084)
StuG Assault Group
Selects Stoßtruppen Assault Package
Construct Panzergrenadier Kompanie
Pak 40 Anti-tank Gun Team
Selects Mechanized Assault
Construct Panzer Kompanie
MG 42 Bunker
Panther Heavy Tank
Mechanized Assault
Pioneer Squad
Marder III M Tank Destroyer
Mechanized Assault
Pioneer Squad
Pioneer Squad
Side Skirts
Mechanized Assault
Atomic Floyd
deadsadbadmad
Alessandro-9891
Wolfe
VeeDemo
AlexTheLie
0
0
Comments
sign in to comment!
No comments posted yet!